 Dungeon Crawl Stone Soup version 0.27.1-1-g398f81649c (webtiles) character file.

Game seed: 4066256413317591437

66 DoubleLucky the Skirmisher (level 4, -2/30 HPs)
             Began as a Gargoyle Berserker on Sept 18, 2021.
             Was a Believer of Trog.
             Killed from afar by an orc wizard (9 damage)
             ... with a magic dart
             ... on level 2 of the Dungeon.
             The game lasted 00:06:27 (2051 turns).

DoubleLucky the Skirmisher (Gargoyle Berserker)     Turns: 2051, Time: 00:06:28

Health: -2/30      AC:  5    Str: 21    XL:     4   Next: 15%
Magic:  4/4        EV: 11    Int:  7    God:    Trog [**....]
Gold:   53         SH:  0    Dex: 10    Spells: 3/3 levels left

rFire    . . .     SeeInvis .   a - +1 mace
rCold    . . .     Faith    .   (no shield)
rNeg     + . .     Spirit   .   b - +0 animal skin
rPois    ∞         Reflect  .   (no helmet)
rElec    +         Harm     .   (no cloak)
rCorr    .         Rampage  .   (no gloves)
Will     .....                  (no boots)
Stlth    +.........             (no amulet)
HPRegen  0.10/turn              (no ring)
MPRegen  0.09/turn              (no ring)

@: on berserk cooldown, slowed, very slow
A: sickness immunity, AC +3, negative energy resistance 1, electricity
resistance, torment resistance 1, petrification resistance
a: Renounce Religion, Berserk, Trog's Hand


You were on level 2 of the Dungeon.
You worshipped Trog.
Trog was pleased with you.
You visited 1 branch of the dungeon, and saw 2 of its levels.

You collected 53 gold pieces.

Inventory:

Hand Weapons
 a - a +1 mace (weapon)
Missiles
 e - 8 boomerangs (quivered)
 f - 51 stones
 i - 13 poisoned darts
Armour
 b - a +0 animal skin (worn)
Scrolls
 c - a scroll of identify {unknown}
 d - a scroll of holy word {unknown}
 g - a scroll of enchant weapon
 j - a scroll of vulnerability {unknown}
 k - a scroll of noise {unknown}
 l - a scroll of enchant armour {unknown}
Potions
 h - a potion of heal wounds {unknown}


   Skills:
 + Level 4.4 Fighting
 + Level 4.0 Maces & Flails
 - Level 2.1 Armour
 - Level 1.5 Dodging


You had 3 spell levels left.
You didn't know any spells.
Your spell library was empty.

Dungeon Overview and Level Annotations

Branches:
Dungeon (2/15)

Altars:


Innate Abilities, Weirdness & Mutations

You are immune to sickness and miasma.
Your stone body is resilient. (AC +3)
You are immune to poison.
You resist negative energy. (rN+)
You are resistant to electric shocks. (rElec)
You are resistant to unholy torment.
You are immune to petrification.


Message History

You throw a boomerang.
The boomerang hits the orc but does no damage.
The orc wizard casts a spell at you. The magic dart hits you.
Throw: 8 boomerangs
Press: ? - help, Q - select action, (/) - cycle Shift-Dir - straight line, f/p - orc
Aim: an orc, wielding a +0 dagger of venom and wearing a +0 leather armour (57% to hit)
Okay, then.
A red film seems to cover your vision as you go berserk!
You feel yourself moving faster!
You feel mighty!
The orc wizard gestures wildly while chanting.
The orc wizard flickers and vanishes!
Deactivating autopickup; reactivate with Ctrl-A.
You thump the orc!
You kill the orc!
Trog accepts your kill.
You feel a strong urge to attack something.
A puff of flame appears from out of thin air!
The puff of flame hits you!
You feel your anger nearly subside.
You are no longer berserk.
You are exhausted.
You feel yourself slow down. Something hits you.
Something hits you but does no damage.
You barely miss something. Something hits you but does no damage.
You hear some strange, mumbled words.
A puff of flame appears from out of thin air!
The puff of flame hits you.
You sock something! Something hits you but does no damage.
You miss something.
You hear some strange, mumbled words.
Something tries to affect you, but you resist.
You hear some strange, mumbled words.
Something tries to affect you, but you resist.
You hit something but do no damage. Something hits you. x2
You closely miss something. Something hits you.
* * * LOW HITPOINT WARNING * * *
You hear some strange, mumbled words.
A magic dart appears from out of thin air!
The magic dart hits you!
You die...

#.####...##.........{..#
#. #...##............#
#. #...##).....)......
#. #.#.###.###.#######
#. #.#.# #.# #.# #.
#.#.###.# #{# #.#.. #.#
#.# #.#..##.###.#
#......@{.# #.#.......#
#.#.......# #.#...>...#
# #<.)......#.#
#)##......#.#
#..)........#
#.####.)....### #.# #.#
####.##.#


There were no monsters in sight!

Vanquished Creatures
  Robin (D:2)
  An adder (D:1)
  A dart slug (D:1)
  An orc (D:2)
  3 ball pythons (D:1)
  3 bats (D:1)
  An endoplasm (D:2)
  A giant cockroach (D:1)
  9 goblins
  8 hobgoblins
  2 kobolds (D:1)
  3 quokkas (D:2)
  3 frilled lizards (D:1)
  3 rats
40 creatures vanquished.

Notes
Turn   | Place    | Note
-------+----------+-------------------------------------------
     0 | D:1      | DoubleLucky the Gargoyle Berserker began the quest for the
                  | Orb.
     0 | D:1      | Reached XP level 1. HP: 14/14 MP: 1/1
   390 | D:1      | Reached XP level 2. HP: 19/19 MP: 2/2
   896 | D:1      | Found a faded altar of an unknown god.
  1113 | D:1      | Reached XP level 3. HP: 19/24 MP: 3/3
  1113 | D:1      | Reached ** piety under Trog
  1218 | D:2      | Noticed Robin
  1765 | D:2      | Killed Robin
  1766 | D:2      | Reached XP level 4. HP: 30/30 MP: 4/4
  2051 | D:2      | Killed from afar by an orc wizard

Illustrated notes

Levels and vault maps discovered:
D:1:      dpeg_arrival_line_fractal, layout_rooms,
          shapermc_ecumenical_altar_mp_vishouse, minmay_misc_feat_cross
D:2:      layout_basic, uniq_robin

Skill      XL: |  1  2  3 |
---------------+----------+-----
Fighting       | 4 |  4.4
Maces & Flails | 4 |  4.0
Armour         | |  2.1
Dodging        | |  1.5

Action                   |  1- 3 |  4- 6 || total
-------------------------+-------+-------++-------
Melee: Mace              |    60 |    14 ||    74
Throw: Boomerang         |    25 |    15 ||    40
Invok: Berserk           |     3 |     1 ||     4
  Use: Scroll            |       |     1 ||     1
Armor: Animal skin       |    34 |     5 ||    39
Dodge: Dodged            |    54 |     2 ||    56
